 Dungeon Crawl Stone Soup version 0.17.2-1-ge4368a0 (webtiles) character file.

364 ololoev the Skirmisher (level 6, 1/73 HPs)
             Began as a Demonspawn Fighter on Oct 25, 2016.
             Quit the game on level 5 of the Dungeon.
             The game lasted 00:07:54 (1192 turns).

ololoev the Skirmisher (Demonspawn Fighter)         Turns: 1192, Time: 00:07:54

Health: 1/73       AC: 23    Str: 26    XL:     6   Next: 39%
Magic:  6/6        EV:  2    Int:  9    God:
Gold:   63         SH:  0    Dex: 17    Spells: 0 memorised, 5 levels left

rFire  . . .     SeeInvis .     a - +0 war axe
rCold  . . .     Clarity  .     (armour currently unavailable)
rNeg   + + +     SustAt   .     (no shield)
rPois  +         Gourm    .     (helmet currently unavailable)
rElec  .         Spirit   .     (cloak currently unavailable)
rCorr  .         Warding  .     (gloves currently unavailable)
rMut   .         NoTele   +     (boots currently unavailable)
MR     .....                    (no amulet)
Stlth  +++.......               (no ring)
                                i - +2 ring of strength

@: mighty, agile, tree-form, not resistant to hostile enchantments, fairly
stealthy
A: (large bone plates 0), powered by pain 1, (spiny 0)
a: no special abilities


Innate Abilities, Weirdness & Mutations

((You are partially covered in large bone plates (AC +2, SH +2).))
You sometimes gain a little power by taking damage.
((You are partially covered in sharp spines.))

Inventory:

Hand Weapons
 a - a +0 war axe (weapon)
Missiles
 l - a throwing net (quivered)
Armour
 q - a +0 chain mail (melded)
Jewellery
 i - a +2 ring of strength (left branch)
Wands
 j - a wand of flame (8)
Scrolls
 c - 4 scrolls of teleportation {unknown}
 g - 3 scrolls of identify {unknown}
 h - 2 scrolls of immolation {unknown}
 m - 2 scrolls of recharging {unknown}
 n - 2 scrolls of enchant weapon {unknown}
Miscellaneous
 d - a plain deck of defence {drawn: 2}
Comestibles
 e - 2 bread rations
 f - a slice of pizza


   Skills:
 + Level 4.5 Fighting
 * Level 4.5 Axes
 + Level 3.9 Armour
   Level 2.6 Shields


You had 5 spell levels left.
You didn't know any spells.


You were on level 5 of the Dungeon.
You were not hungry.
You were a tree.
You visited 1 branch of the dungeon, and saw 6 of its levels.

You collected 63 gold pieces.

............... #.....
####........... #.#.##
+.....###### #.#.#. #.....#..
#.#.#. . #.....#.# #####.#.#. .
#.....#.### ########......... .
##.........# #......:..##.#...
+..###.#.#.#.##W######..#......
##.#.....# #.)♣...# #......###.
#.#.#.#.....#5##.# #.##.....#.
#...#.#.#.#.#.# ........###...
#.....#.#.# #.. ........# ...
#.#####.# # #..#####..... #.
#.# .# #... ....... . #.# ....
.....#.#. #.# ....#.###.#.#.
#.#

Notes
Turn   | Place    | Note
--------------------------------------------------------------
     0 | D:1      | ololoev the Demonspawn Fighter began the quest for the Orb.
     0 | D:1      | Reached XP level 1. HP: 18/18 MP: 1/1
   151 | D:2      | Gained mutation: You sometimes gain a little power by taking damage. [demonic ancestry]
   151 | D:2      | Reached XP level 2. HP: 14/24 MP: 2/2
   259 | D:4      | Noticed an ogre
   299 | D:4      | Found a white marble altar of Elyvilon.
   311 | D:4      | Found a sparkling altar of Nemelex Xobeh.
   322 | D:4      | Gained mutation: You are partially covered in sharp spines. [demonic ancestry]
   322 | D:4      | Reached XP level 3. HP: 15/29 MP: 3/3
   470 | D:4      | Gained mutation: You are partially covered in large bone plates (AC +2, SH +2). [demonic ancestry]
   470 | D:4      | Reached XP level 4. HP: 13/35 MP: 4/4
   593 | D:4      | Killed an ogre
   593 | D:4      | Reached XP level 5. HP: 32/42 MP: 5/5
   631 | D:4      | Found Lomi's Weapon Boutique.
   690 | D:4      | Reached skill level 4 in Fighting
   753 | D:5      | Entered Level 5 of the Dungeon
   899 | D:5      | Reached XP level 6. HP: 47/49 MP: 6/6
  1116 | D:5      | Noticed ololoev's ghost (amateur DsFi)
  1144 | D:5      | Noticed a phantom
  1159 | D:5      | Noticed Grinder
  1167 | D:5      | Paralysed by Grinder for 3 turns
  1179 | D:5      | Paralysed by Grinder for 5 turns
  1191 | D:5      | HP: 1/73 [ololoev's ghost (8)]
  1192 | D:5      | Quit the game

Dungeon Overview and Level Annotations

Branches:
Dungeon (6/15)
 Temple: D:4-7

Altars:
Elyvilon
Nemelex Xobeh

Shops:
D:4 (

Annotations:
D:5 Grinder; ololoev's ghost, amateur DsFi


Message History

Grinder hits you but does no damage.
All of the chunks of flesh in your inventory have rotted away.
You slash Grinder!
Grinder is heavily wounded.
You hit ololoev's ghost but do no damage.
Ololoev's ghost is heavily damaged.
Ololoev's ghost hits you!
Grinder gestures.
Grinder blinks!
Ololoev's ghost hits you but does no damage.
You hit ololoev's ghost but do no damage.
Ololoev's ghost is heavily damaged.
Ololoev's ghost hits you but does no damage.
You barely miss ololoev's ghost.
Ololoev's ghost is heavily damaged.
Ololoev's ghost hits you but does no damage.
Grinder gestures at you.
You are unaffected.
You hit ololoev's ghost.
Ololoev's ghost is heavily damaged.
Ololoev's ghost hits you. Grinder gestures at you.
You resist with significant effort.
You hit ololoev's ghost but do no damage.
Ololoev's ghost is heavily damaged.
Ololoev's ghost hits you but does no damage. x2
You hit ololoev's ghost but do no damage.
Ololoev's ghost is heavily damaged.
Ololoev's ghost hits you!
You hit ololoev's ghost.
Ololoev's ghost is severely damaged.
You slash Grinder!
Grinder is severely wounded.
Ololoev's ghost hits you!
You focus on the pain.
You feel very mighty all of a sudden. Grinder hits you but does no damage.
Unknown command.
Unknown command.
Unknown command.
Are you sure you want to abandon this character and quit the game? (Confirm with "yes".)

You could see Grinder and ololoev's ghost.

Vanquished Creatures
  An ogre (D:4)
  An orc priest (D:5)
  A hound (D:4)
  An orc wizard (D:5)
  A giant frog skeleton (D:4)
  A worker ant (D:5)
  5 adders
  4 gnolls (D:5)
  An adder skeleton (D:5)
  A worm (D:4)
  5 giant geckos
  8 orcs
  3 giant cockroaches
  2 goblins (D:2)
  3 hobgoblins
  2 quokkas
  5 bats
  A giant gecko skeleton (D:4)
  2 kobolds
  A rat (D:3)
49 creatures vanquished.

Vanquished Creatures (others)
  A quokka (D:4)
1 creature vanquished.

Grand Total: 50 creatures vanquished

Action                   |  1- 3 |  4- 6 || total
-------------------------+-------+-------++-------
Melee: War axe           |    43 |    73 ||   116
Evoke: Wand              |       |     4 ||     4
       Deck              |       |     2 ||     2
  Use: Potion            |     1 |     4 ||     5
  Eat: Chunk             |       |     1 ||     1

Vault maps used:
D:1:      dpeg_arrival_concentric_ovals, nrook_mini_vaults,
          minmay_misc_feat_chi, serial_park_tiny_2, wad_floor_pattern_2
D:2:      lemuel_doored_altar, hangedman_abyss_or_decor_lesser_grid,
          st_stairs_14
D:3:      first_bread
D:4:      nemelex_deck, nicolae_ru_the_path_less_chosen, serial_shops, shop,
          elyvilon_altar_4
D:5:      uniq_grinder
D:6:      lemuel_round_altar, amethyst_overflow_temple_binary,
          uniq_blork_the_orc
